 Dungeon Crawl Stone Soup version 0.29-a0-231-g945431f764 (webtiles) character file.

Game seed: 10550766419898652281

183 funkygono the Firebug (level 5, -3/28 HPs)
             Began as a Gargoyle Fire Elementalist on Feb 28, 2022.
             Killed from afar by Blork the orc (4 damage)
             ... with a puff of frost
             ... on level 4 of the Dungeon.
             The game lasted 00:07:35 (3626 turns).

funkygono the Firebug (Gargoyle Fire Elementalist)  Turns: 3626, Time: 00:07:36

Health: -3/28      AC: 11    Str: 12    XL:     5   Next: 62%
Magic:  1/9        EV: 12    Int: 17    God:
Gold:   71         SH:  0    Dex: 10    Spells: 0/10 levels left

rFire   . . .      SeeInvis .   c - +0 whip
rCold   . . .      Faith    .   (no shield)
rNeg    + . .      Spirit   .   a - +0 robe
rPois   ∞          Reflect  .   d - +2 helmet
rElec   +          Harm     .   (no cloak)
rCorr   .          Rampage  .   k - +1 pair of gloves
Will    .....                   (no boots)
Stlth   ++........              (no amulet)
HPRegen 0.09/turn               (no ring)
MPRegen 0.11/turn               (no ring)

@: no status effects
A: sickness immunity, AC +4, negative energy resistance 1, electricity
resistance, torment resistance 1, petrification resistance
a: no special abilities


You were on level 4 of the Dungeon.
You visited 1 branch of the dungeon, and saw 4 of its levels.

You collected 170 gold pieces.
You spent 99 gold pieces at shops.

Inventory:

Hand Weapons
 c - a +0 whip (weapon)
Missiles
 e - 156 stones
Armour
 a - a +0 robe (worn)
 d - a +2 helmet (worn)
 g - a +0 leather armour
 j - an orb of energy
 k - a +1 pair of gloves (worn)
Wands
 h - a wand of polymorph (4)
Scrolls
 f - 2 scrolls of identify
 l - a scroll of teleportation
 n - a scroll of enchant weapon {unknown}
Potions
 b - 2 potions of curing
 i - a potion of invisibility {unknown}
 m - a potion of might {unknown}


   Skills:
 + Level 0.7 Fighting
 + Level 0.5 Maces & Flails
 + Level 1.9 Dodging
 - Level 2.1 Stealth
 * Level 3.3 Spellcasting
 * Level 2.3 Conjurations
 * Level 4.5 Fire Magic


You couldn't memorise any spells.
You knew the following spells:

 Your Spells              Type           Power      Damage    Failure   Level
a - Foxfire               Conj/Fire      56%        2x1d6     4%          1
b - Scorch                Fire           36%        2d7       4%          2
c - Conjure Flame         Conj/Fire      14%        6-21      12%         3
d - Flame Wave            Conj/Fire      14%        2d6       38%         4

Your spell library contained the following spells:

 Spells                   Type           Power      Damage    Failure   Level
 Animate Skeleton         Necr           4%         N/A       17%         1
 Apportation              Tloc           4%         N/A       17%         1
 Summon Small Mammal      Summ           8%         N/A       17%         1
 Inner Flame              Hex/Fire       10%        N/A       21%         3


Dungeon Overview and Level Annotations

Branches:
Dungeon (4/15)
 Temple: D:4-7

Altars:
Dithmenos
Wu Jian

Shops:
D:2 [*[(*

Annotations:
D:4 Blork the orc


Innate Abilities, Weirdness & Mutations

You are immune to sickness and miasma.
Your stone body is resilient. (AC +4)
You are immune to poison.
You resist negative energy. (rN+)
You are resistant to electric shocks. (rElec)
You are resistant to unholy torment.
You are immune to petrification.


Message History

Blork the orc is lightly wounded.
The foxfire hits Blork the orc.
Blork the orc is moderately wounded.
The foxfire hits Blork the orc.
Blork the orc is moderately wounded.
The foxfire hits Blork the orc but does no damage.
Blork the orc is moderately wounded.
An adder comes into view.
Casting: Foxfire (safe; 4% risk of failure)
Confirm with . or Enter, or press ? or * to list all spells.
Flames lash Blork the orc.
Blork the orc is heavily wounded.
Blork the orc's fire resistance burns away.
Unknown command.
Blork the orc gestures wildly while chanting.
Blork the orc seems to speed up.
Casting: Scorch (safe; 4% risk of failure)
Confirm with . or Enter, or press ? or * to list all spells.
Flames lash the adder.
The adder is almost dead.
The adder's fire resistance burns away.
Blork the orc is no longer more vulnerable to fire.
Blork the orc misses you.
Blork the orc hits you with a +0 battleaxe.
Blork the orc hits you with a +0 battleaxe!
Blork the orc screams, "I'll make a cloak from your skin!"
Blork the orc casts a spell at you. The magic dart hits you.
You see here a +0 club.
The adder is no longer more vulnerable to fire.
Casting: Scorch (safe; 4% risk of failure)
Confirm with . or Enter, or press ? or * to list all spells.
Flames lash the adder.
You kill the adder!
Blork the orc completely misses you.
Blork the orc hits you with a +0 battleaxe!
* * * LOW HITPOINT WARNING * * *
Blork the orc points at you and mumbles some strange words.
The puff of frost hits you.
You die...

#.####.#.### #.#
#.#.# #.## #
#.###### #..#
#......#
##.#####.####.#
#O##.......#.#
#.##.##.##.#.#
#.##.#...#)#.##
#.†O)o.@......#
##.#.#...#.##.#
#.#.##.##.##.#
#.#.......##.#
#.####.#####.#
#......#####.#######
##.#..........##.#.#
#.###...†.........#
#.# #.#####.###.#.#


You could see Blork the orc (fast) and an ogre.

Vanquished Creatures
  An orc priest (D:2)
  An orc wizard (D:2)
  2 adders
  4 gnolls (D:3)
  A worm (D:3)
  A dart slug (D:1)
  2 orcs (D:3)
  4 bats
  5 endoplasms
  4 giant cockroaches
  4 goblins
  4 hobgoblins
  9 jackals (D:1)
  5 quokkas
  2 ball pythons
  4 frilled lizards
  3 kobolds
  4 rats
60 creatures vanquished.

Vanquished Creatures (others)
  A kraken (D:1)
  2 ghouls (D:1)
  A vine stalker (D:1)
  An elf (D:1)
  A naga (D:1)
  A demigod (D:1)
  2 gnolls (D:1)
  An orc (D:1)
  A kobold (D:1)
  192 foxfires
  7 tentacles (D:1)
210 creatures vanquished.

Grand Total: 270 creatures vanquished

Notes
Turn   | Place    | Note
-------+----------+-------------------------------------------
     0 | D:1      | funkygono the Gargoyle Fire Elementalist began the quest
                  | for the Orb.
     0 | D:1      | Reached XP level 1. HP: 10/10 MP: 3/3
     4 | D:1      | Noticed an elf
     4 | D:1      | Noticed a ghoul
     4 | D:1      | Noticed a demigod
     4 | D:1      | Noticed a ghoul
     4 | D:1      | Noticed an elf
     4 | D:1      | Noticed a kraken
     4 | D:1      | Noticed a ghoul
     4 | D:1      | Noticed a vine stalker
     4 | D:1      | Noticed a merfolk
     4 | D:1      | Noticed a naga
     4 | D:1      | Noticed a dwarf
     4 | D:1      | Noticed a ghoul
     5 | D:1      | Killed a vine stalker
     5 | D:1      | Killed an elf
    14 | D:1      | Killed a ghoul
    14 | D:1      | Killed a ghoul
    16 | D:1      | Killed a naga
    17 | D:1      | Killed a demigod
    17 | D:1      | Killed a kraken
   234 | D:1      | Reached XP level 2. HP: 15/15 MP: 0/5
   349 | D:1      | You fall into a shaft and drop 1 floor!
   387 | D:2      | Found a faded altar of an unknown god.
   441 | D:2      | Found Giusod's Antique Armour Emporium.
   487 | D:2      | Learned a level 2 spell: Scorch
   683 | D:2      | Found Oserar's General Store.
   702 | D:2      | Reached XP level 3. HP: 19/19 MP: 4/6
   706 | D:2      | Learned a level 3 spell: Conjure Flame
  1162 | D:1      | Reached skill level 4 in Fire Magic
  1647 | D:2      | Found Higg's General Store.
  1733 | D:2      | Found Idiel's Antique Armour Boutique.
  1741 | D:2      | Bought a pair of gloves for 99 gold pieces
  1749 | D:2      | Found Kiasuf's Antique Weapon Emporium.
  1991 | D:3      | Found a shadowy altar of Dithmenos.
  2116 | D:3      | Reached XP level 4. HP: 11/24 MP: 2/7
  2386 | D:3      | Reached XP level 5. HP: 28/28 MP: 7/9
  2419 | D:3      | Learned a level 4 spell: Flame Wave
  3443 | D:4      | Found an ornate altar of the Wu Jian Council.
  3599 | D:4      | Noticed Blork the orc
  3600 | D:4      | Noticed an ogre
  3624 | D:4      | HP: 1/28 [Blork the orc/+0 battleaxe (8)]
  3626 | D:4      | Killed from afar by Blork the orc

Illustrated notes

Levels and vault maps discovered:
D:1:      nicolae_arrival_kraken_aquarium_b, layout_rooms
D:2:      layout_basic, ebering_ecumenical_altar_sacrificial, serial_shops,
          nicolae_shop_temple_entry_statues_fountains, nicolae_shop_stone, shop,
          nicolae_shop_crystal, nicolae_shop_statue_plus
D:3:      layout_loops_ring, grunt_dithmenos_smoke_and_mirrors,
          minmay_pentomino_pile
D:4:      layout_loops_ring, mainiacjoe_overflow_alcove_4,
          grunt_qazlal_sundering, nicolae_overflow_crystal_walls,
          minmay_temple_entry_nine_rooms, uniq_blork_the_orc

Skill      XL: |  1  2  3  4 |
---------------+-------------+-----
Fire Magic     | 4 |  4.5
Spellcasting   | 3 |  3.3
Conjurations   | 2 |  2.3
Fighting       | |  0.7
Maces & Flails | |  0.5
Dodging        | |  1.9
Stealth        | |  2.1

Action                   |  1- 3 |  4- 6 || total
-------------------------+-------+-------++-------
Melee: Whip              |     1 |     9 ||    10
 Cast: Foxfire           |    68 |    45 ||   113
       Scorch            |     4 |     9 ||    13
  Use: Scroll            |     4 |       ||     4
Armor: Robe              |    10 |    11 ||    21
Dodge: Dodged            |    20 |     9 ||    29

Table legend: (Time is in decaauts)
 A = Elapsed time spent in this place.
 B = Non-inter-level travel time spent in this place.
 C = Inter-level travel time spent in this place.
 D = Time resting spent in this place.
 E = Time spent auto-exploring this place.
 F = Levels seen in this place.
 G = Mean time per level.
                   A        B        C        D        E       F      G
               +--------+--------+--------+--------+--------+-----+--------+
         Total |   3630 |   3464 |    166 |    400 |   2432 |   4 |  907.5 |
       Dungeon |   3630 |   3464 |    166 |    400 |   2432 |   4 |  907.5 |
               +--------+--------+--------+--------+--------+-----+--------+

Top non-repeatable levels by time:
     D:2: 1237 daAuts
     D:3: 1190 daAuts
     D:1: 996 daAuts
     D:4: 206 daAuts
